 Dungeon Crawl Stone Soup version 0.29-a0-330-g52719c12eb (webtiles) character file.

Game seed: 9304223928045865640

52274 Ajdolov the Thaumaturge (level 13, -1/109 (111) HPs)
             Began as a Demigod Ice Elementalist on Apr 21, 2022.
             Succumbed to a swamp dragon's poison gas
             ... on level 6 of the Lair of Beasts.
             The game lasted 00:54:45 (25693 turns).

Ajdolov the Thaumaturge (Demigod Ice Elementalist) Turns: 25693, Time: 00:54:45

HP:   -1/109 (111)  AC:  9    Str:  9    XL:     13   Next: 93%
MP:   31/31         EV: 19    Int: 33    God:
Gold: 782           SH:  0    Dex: 14    Spells: 9/32 levels left

rFire   . . .      SeeInvis .   a - +2 spear (vorpal)
rCold   . . .      Faith    .   (no shield)
rNeg    . . .      Spirit   .   I - +2 robe "Nutur" {Regen+}
rPois   .          Reflect  .   C - +1 helmet
rElec   .          Harm     .   L - +0 cloak
rCorr   .          Rampage  .   A - +0 pair of gloves
Will    +....                   f - +0 pair of boots
Stlth   ++........              y - amulet of regeneration
HPRegen 1.88/turn               K - +4 ring of slaying
MPRegen 0.22/turn               E - +4 ring of evasion

@: lethally poisoned (-1 -> -22), hasted, lightly drained, very quick
A: high MP 1, forlorn, divine attributes
a: no special abilities


You were on level 6 of the Lair of Beasts.
You visited 2 branches of the dungeon, and saw 17 of its levels.

You collected 782 gold pieces.

Inventory:

Hand Weapons
 a - a +2 vorpal spear (weapon)
 H - a +0 trident of flaming
Missiles
 J - a throwing net
 O - 2 curare-tipped darts
Armour
 f - a +0 pair of boots (worn)
 A - a +0 pair of gloves (worn)
 C - a +1 helmet (worn)
 I - the +2 robe "Nutur" (worn) {Regen+}
   (You found it on level 3 of the Lair of Beasts)

   Regen:     It increases your rate of health regeneration.
 L - a +0 cloak (worn)
Magical Staves
 b - a staff of conjuration
Jewellery
 i - a ring of ice
 w - a ring of resist corrosion
 y - an amulet of regeneration (around neck)
 E - a +4 ring of evasion (right hand)
 K - a +4 ring of slaying (left hand)
Wands
 k - a wand of flame (34)
 q - a wand of digging (17)
 x - a wand of iceblast (4)
 G - a wand of mindburst (6)
 R - a wand of paralysis (2)
Scrolls
 d - 3 scrolls of brand weapon
 h - 5 scrolls of amnesia
 m - a scroll of blinking
 o - 10 scrolls of teleportation
 p - 4 scrolls of fog
 r - 5 scrolls of vulnerability
 u - 3 scrolls of enchant weapon
 v - a scroll of fear
 Q - 2 scrolls of magic mapping
 S - 2 scrolls of identify
Potions
 c - 2 potions of haste
 e - 3 potions of cancellation {unknown}
 g - 4 potions of attraction
 j - 2 potions of curing
 l - 5 potions of brilliance
 n - 3 potions of flight {unknown}
 s - 3 potions of mutation
 t - 3 potions of magic
 z - 2 potions of might {unknown}
 B - a potion of heal wounds
 D - 2 potions of lignification {unknown}
 M - a potion of invisibility
 P - a potion of degeneration {unknown}
Miscellaneous
 F - a box of beasts
 N - a lightning rod (4/4)


   Skills:
 + Level 9.5 Fighting
 - Level 5.0 Polearms
 + Level 7.0 Dodging
 - Level 1.7 Stealth
 - Level 10.0 Spellcasting
 - Level 9.0 Conjurations
 - Level 7.6 Necromancy
 * Level 3.1 Transmutations
 - Level 9.2 Ice Magic
 - Level 7.6 Earth Magic


You had 9 spell levels left.
You knew the following spells:

 Your Spells              Type           Power      Damage    Failure   Level
a - Freeze                Ice            100%       1d11      1%          1
b - Frozen Ramparts       Ice            100%       1d12      1%          3
c - Ozocubu's Armour      Ice            67%        N/A       1%          3
d - Hailstorm             Conj/Ice       67%        3d14      1%          4
e - Borgnjor's Vile Clut  Necr/Erth      30%        N/A       3%          5
f - Scorch                Fire           32%        2d7       4%          2
g - Irradiate             Conj/Tmut      27%        3d22      7%          5

Your spell library contained the following spells:

 Spells                   Type           Power      Damage    Failure   Level
 Sublimation of Blood     Necr           61%        N/A       1%          2
 Animate Dead             Necr           30%        N/A       1%          4
 Petrify                  Tmut/Erth      51%        N/A       3%          4
 Flame Wave               Conj/Fire      46%        2d10      4%          4
 Leda's Liquefaction      Hex/Erth       20%        N/A       6%          4
 Call Canine Familiar     Summ           16%        N/A       9%          3
 Portal Projectile        Hex/Tloc       32%        N/A       9%          3
 Death Channel            Necr           30%        N/A       19%         6
 Summon Forest            Summ/Tloc      8%         N/A       61%         5
 Summon Mana Viper        Hex/Summ       16%        N/A       61%         5
 Summon Cactus Giant      Summ           8%         N/A       99%         6
 Borgnjor's Revivificati  Necr           30%        N/A       100%        8
 Necromutation            Tmut/Necr      25%        N/A       100%        8
 Death's Door             Necr           30%        N/A       100%        9


Dungeon Overview and Level Annotations

Branches:
Dungeon (11/15)            Temple (0/1) D:4            Lair (6/6) D:9
  Swamp (0/4) Lair:4       Spider (0/4) Lair:3          Orc (0/2) D:10
  Slime: Lair:5-6

Shops:
D:7 *

Annotations:
D:3 Natasha
D:9 3 runed translucent doors, kae's ghost, journeyman TeFE
Lair:5 1 runed translucent door, Fuch's ghost, journeyman DsCj


Innate Abilities, Weirdness & Mutations

You have an increased reservoir of magic. (+10% MP)
You shall have no god before yourself.
Your divine heritage dramatically boosts your attributes as you level up.


Message History

The swamp dragon breathes poison at you.
The blast of poison engulfs you.
You are more poisoned.
Blink to where?
Press: ? - help, Dir - move target, p - swamp dragon
As you read the scroll of blinking, it crumbles to dust.
You feel extremely sick.
You enter the shallow water.
Moving in this stuff is going to be slow.
You feel very sick.
You feel extremely sick.
You feel very sick.
You feel better.
You feel yourself speed up.
The swamp dragon breathes poison at you.
The blast of poison misses you.
You are engulfed in poison gas.
You are poisoned.
You feel very sick.
You enter the shallow water.
Moving in this stuff is going to be slow.
You are engulfed in poison gas.
You are more poisoned.
You feel very sick.
You feel very sick.
You enter the shallow water.
Moving in this stuff is going to be slow.
You feel very sick.
You feel very sick.
You feel very sick.
The swamp dragon breathes poison at you.
The blast of poison misses you.
You are engulfed in poison gas.
You are more poisoned.
* * * LOW HITPOINT WARNING * * *
x2 You feel extremely sick.
The swamp dragon breathes poison at you.
The blast of poison misses you.
You are engulfed in poison gas.
You are more poisoned.
* * * LOW HITPOINT WARNING * * *
You die...

♣♣♣.♣♣♣.≈☼☼○○°♣♣ #...............
.♣♣♣♣♣..≈○D☼♣♣♣ #.........#.....
≈≈♣♣♣.≈≈..°§♣.♣ #...............
.≈≈≈.♣≈♣.♣♣♣..♣♣##...........P#..
...≈.≈≈♣♣♣.....♣#...........###..
....P.≈.♣♣○P♣♣♣♣#..........#..#..
♣..♣..♣.○°♣♣♣♣♣♣°..........##...#
♣♣♣...♣♣°≈D°♣°♣°P......#..####...
♣♣.P☼☼♣°°≈○○○°@°...#....#.#.##.
♣♣♣♣P♣.♣..♣♣○○...###..#.#.. #.
♣♣♣♣♣♣♣♣♣♣°°..#....##...#
♣...#.#...# ..##
###############÷.#...### ..#
#...........##..##....# .##
.#.......PP..#######..## ###
#........P##.######..### #.#
..P.......####..##...#.###.#


You could see a swamp dragon (catching breath).

Vanquished Creatures
  Nessos (Lair:4)
  Josephine (Lair:4)
  2 fire dragons
  A catoblepas (Lair:4)
  6 hydras
  A centaur warrior (D:11)
  2 two-headed ogres
  6 death yaks
  A tengu warrior (D:9)
  Sonja (Lair:4)
  A fire crab (Lair:6)
  Pikel (D:5)
  2 wolf spiders (Lair:3)
  2 deep elf pyromancers
  A cyclops (D:11)
  A manticore (D:11)
  Joseph (D:10)
  An ice statue (Lair:2)
  A torpor snail (Lair:4)
  12 cane toads
  7 elephants
  6 black mambas
  7 rime drakes
  6 komodo dragons
  An ice devil (Lair:2)
  2 trolls (D:10)
  2 polar bears (Lair:2)
  Prince Ribbit (D:5)
  6 hornets (Lair:1)
  5 dream sheep (Lair:2)
  12 blink frogs
  Sigmund (D:5)
  A vampire (D:10)
  4 wraiths
  32 yaks
  Grum (D:10)
  16 wyverns
  6 basilisks
  3 steam dragons
  A redback (Lair:3)
  3 vampire mosquitoes (D:10)
  2 acid dragons
  9 water moccasins
  A hell hound (Lair:6)
  5 orc warriors
  6 ice beasts
  A swamp drake (Lair:6)
  2 black bears
  6 ogres
  A boggart (D:11)
  A phantom (D:6)
  14 wolves
  4 centaurs
  3 lemures (D:5)
  10 bullfrogs
  2 scorpions
  4 necrophages
  10 wights
  18 killer bees
  A vampire bat (Lair:1)
  2 electric eels
  A crimson imp (D:5)
  A howler monkey (D:9)
  3 hounds
  4 jellies
  8 orc priests
  2 gnoll shamans
  Terence (D:2)
  Natasha (twice) (D:3)
  12 iguanas
  7 orc wizards
  8 hell rats (Lair:6)
  Robin (D:2)
  11 gnolls
  4 adders
  5 white imps
  2 worms
  A dart slug (D:1)
  29 orcs
  6 endoplasms
  6 giant cockroaches
  17 goblins
  9 hobgoblins
  4 quokkas
  8 ball pythons
  16 bats
  3 frilled lizards
  13 kobolds
  4 rats
458 creatures vanquished.

Vanquished Creatures (others)
  A bush (Lair:2)
  27 fungi
  41 plants
69 creatures vanquished.

Grand Total: 527 creatures vanquished

Notes
Turn   | Place    | Note
-------+----------+-------------------------------------------
     0 | D:1      | Ajdolov the Demigod Ice Elementalist began the quest for
                  | the Orb.
     0 | D:1      | Reached XP level 1. HP: 14/14 MP: 5/5
   130 | D:1      | Reached skill level 2 in Spellcasting
   435 | D:1      | Reached XP level 2. HP: 20/20 MP: 5/7
  1556 | D:2      | Reached XP level 3. HP: 26/26 MP: 7/9
  1579 | D:2      | Learned a level 3 spell: Frozen Ramparts
  1676 | D:2      | Noticed Terence
  1681 | D:2      | Killed Terence
  2056 | D:2      | Noticed Robin
  2205 | D:2      | Reached XP level 4. HP: 21/33 MP: 4/10
  2205 | D:2      | Killed Robin
  2813 | D:2      | Learned a level 3 spell: Ozocubu's Armour
  2830 | D:3      | Reached skill level 5 in Ice Magic
  3245 | D:3      | Noticed Natasha
  3250 | D:3      | Killed Natasha
  3251 | D:3      | Reached skill level 3 in Spellcasting
  3251 | D:3      | Reached XP level 5. HP: 28/38 MP: 5/12
  3498 | D:3      | Noticed Natasha
  3505 | D:3      | Killed Natasha
  3563 | D:3      | Noticed Natasha
  3983 | D:4      | Reached XP level 6. HP: 34/45 MP: 5/14
  4294 | D:4      | Found a staircase to the Ecumenical Temple.
  5252 | D:5      | Entered Level 5 of the Dungeon
  5262 | D:5      | Reached skill level 4 in Spellcasting
  5262 | D:5      | Reached skill level 1 in Conjurations
  5497 | D:5      | Reached XP level 7. HP: 48/50 MP: 12/16
  5501 | D:5      | Got Sif Muna's Grimoire of Evil
  6039 | D:5      | Noticed Sigmund
  6049 | D:5      | Killed Sigmund
  6058 | D:5      | Noticed Pikel
  6073 | D:5      | Killed Pikel
  6074 | D:5      | Reached XP level 8. HP: 39/57 MP: 8/18
  6193 | D:5      | Reached skill level 5 in Spellcasting
  6469 | D:5      | Reached skill level 5 in Conjurations
  6800 | D:5      | Noticed Prince Ribbit
  6817 | D:5      | Killed Prince Ribbit
  7073 | D:5      | Learned a level 4 spell: Hailstorm
  7579 | D:6      | Reached XP level 9. HP: 47/62 MP: 15/21
  8268 | D:6      | Reached skill level 6 in Spellcasting
  9456 | D:7      | Found Rovesow's Assorted Antiques.
 10015 | D:8      | Noticed a two-headed ogre
 10023 | D:8      | Killed a two-headed ogre
 10024 | D:8      | Reached XP level 10. HP: 57/69 MP: 17/24
 10507 | D:8      | Reached skill level 7 in Spellcasting
 11220 | D:9      | Found a runed translucent gate.
 11220 | D:9      | Found a runed translucent gate.
 11220 | D:9      | Found a runed translucent gate.
 11234 | D:9      | Reached skill level 1 in Polearms
 11273 | D:9      | Reached skill level 1 in Fighting
 11557 | D:9      | Found a staircase to the Lair.
 11948 | D:9      | Noticed a fire dragon
 12154 | D:9      | Noticed a tengu warrior
 12685 | D:9      | Killed a fire dragon
 12906 | D:9      | Noticed a deep elf pyromancer
 12914 | D:9      | Killed a deep elf pyromancer
 13100 | D:9      | Killed a tengu warrior
 13422 | D:9      | Noticed kae's ghost (journeyman TeFE)
 13448 | D:10     | Entered Level 10 of the Dungeon
 13562 | D:10     | Noticed a two-headed ogre
 13573 | D:10     | Killed a two-headed ogre
 13823 | D:10     | Reached skill level 5 in Polearms
 13823 | D:10     | Reached XP level 11. HP: 82/82 MP: 21/27
 13866 | D:10     | Noticed Grum
 14223 | D:10     | Found a staircase to the Orcish Mines.
 14257 | D:10     | Reached skill level 8 in Spellcasting
 14449 | D:10     | Noticed Joseph
 14461 | D:10     | Killed Joseph
 14611 | D:10     | Killed Grum
 15626 | D:11     | Reached skill level 5 in Fighting
 15637 | D:11     | Noticed a centaur warrior
 15640 | D:11     | Noticed a deep elf pyromancer
 15643 | D:11     | Killed a centaur warrior
 15658 | D:11     | Killed a deep elf pyromancer
 16012 | D:11     | Reached skill level 9 in Spellcasting
 16253 | D:11     | Noticed a death knight
 16262 | D:11     | Noticed a two-headed ogre
 16331 | Lair:1   | Entered Level 1 of the Lair of Beasts
 16669 | Lair:1   | Learned a level 5 spell: Borgnjor's Vile Clutch
 16842 | Lair:1   | Reached skill level 1 in Necromancy
 16842 | Lair:1   | Reached skill level 1 in Earth Magic
 17288 | Lair:1   | Reached XP level 12. HP: 97/97 MP: 22/29
 17398 | Lair:1   | Learned a level 2 spell: Scorch
 17835 | Lair:2   | Noticed an eight-headed hydra
 18259 | Lair:2   | Reached skill level 5 in Necromancy
 18259 | Lair:2   | Reached skill level 5 in Earth Magic
 19360 | Lair:2   | Killed an eight-headed hydra
 19963 | Lair:3   | Identified the +2 robe "Nutur" {Regen+}
 20298 | Lair:3   | Found a hole to the Spider Nest.
 20765 | Lair:4   | Noticed Nessos
 20781 | Lair:4   | Killed Nessos
 20900 | Lair:4   | Noticed Sonja
 20914 | Lair:4   | Killed Sonja
 21227 | Lair:4   | Found a staircase to the Swamp.
 21244 | Lair:4   | Noticed a catoblepas
 21259 | Lair:4   | Killed a catoblepas
 21260 | Lair:4   | Reached XP level 13. HP: 82/104 MP: 11/31
 21747 | Lair:4   | Noticed Josephine
 21755 | Lair:4   | Killed Josephine
 21764 | Lair:4   | Reached skill level 10 in Spellcasting
 21896 | Lair:4   | You fall into a shaft and drop 1 floor!
 22772 | Lair:5   | Reached skill level 5 in Dodging
 23123 | Lair:5   | Found a runed translucent door.
 23128 | Lair:5   | Noticed Fuch's ghost (journeyman DsCj)
 23630 | Lair:6   | Entered Level 6 of the Lair of Beasts
 24352 | Lair:6   | Learned a level 5 spell: Irradiate
 24522 | Lair:6   | Reached skill level 1 in Transmutations
 25693 | Lair:6   | Succumbed to a swamp dragon's poison gas

Illustrated notes

Levels and vault maps discovered:
D:1:      shiori_shiawase, layout_loops_corners
D:2:      layout_loops_cross, chequers_serial_rivers_micro_e, uniq_terence,
          uniq_robin
D:3:      layout_loops_ring, uniq_natasha
D:4:      layout_basic, nzn_wu_jian_contemplation, minmay_temple_entry_statues,
          minmay_checkerbox
D:5:      layout_cave_pools, nzn_overflow_gifts_of_might_and_magic,
          nicolae_tso_swordbearing_angel, makhleb_grotto_becter,
          due_unseen_surprise, uniq_sigmund, uniq_prince_ribbit1, uniq_pikel
D:6:      layout_loops_ring
D:7:      layout_loops_corners, serial_shops, nicolae_shop_statue_plus
D:8:      layout_loops_ring
D:9:      layout_long_grid, mainiacjoe_overflow_surrounded_room,
          minmay_lair_entry_lava, ebering_ghost_rock_garden
D:10:     layout_stronghold, minmay_orc_entry_temple_small, uniq_joseph,
          uniq_grum
D:11:     minmay_distorted_concentric_squares, layout_stronghold
Lair:1:   layout_gridlike, nicolae_quartered_pool_little, roderic_batcave,
          dreamdust_wasp_nest
Lair:2:   layout_loops_ring, ice2_lemuel
Lair:3:   layout_chaotic_city, spider_nest_entry_funnel_web
Lair:4:   layout_layer_cave, swamp_mist_pool, grunt_megastairs_1, uniq_nessos,
          uniq_josephine, uniq_sonja
Lair:5:   layout_gridlike, ebering_ghost_reflecting_pool, beast_lair_carwin_4,
          lemuel_fruit_fields, infiniplex_staircase_pool, grunt_megastairs_4
Lair:6:   hangedman_lair_in_review, layout_cave_pods, guppyfry_lair_end_dragon,
          slime_altar_1, special_room [special_room_mythical_zoo],
          serial_bayou_pond_d, grunt_forest_large_clearing_hut

Skill      XL: |  1  2  3  4  5  6  7  8  9 10 11 12 13 |
---------------+----------------------------------------+-----
Spellcasting   | 2 3 4 5 6 7 9 10 | 10.0
Ice Magic      | 4 5 6 7 8 9 |  9.2
Conjurations   | 1 4 6 8 9 |  9.0
Polearms       | 5 |  5.0
Fighting       | 3 6 9 |  9.5
Necromancy     | 4 7 |  7.6
Earth Magic    | 4 7 |  7.6
Dodging        | 2 7 |  7.0
Transmutations | 3 |  3.1
Stealth        | |  1.7

Action                   |  1- 3 |  4- 6 |  7- 9 | 10-12 | 13-15 || total
-------------------------+-------+-------+-------+-------+-------++-------
Melee: Mace              |     3 |       |       |       |       ||     3
       Spear             |     7 |    67 |   167 |   400 |   258 ||   899
       Whip              |       |       |    25 |       |       ||    25
       Trident           |       |       |    42 |       |       ||    42
       Punch             |       |       |     2 |     7 |     7 ||    16
 Cast: Freeze            |    69 |    41 |     1 |     1 |       ||   112
       Frozen Ramparts   |     1 |    23 |    49 |    87 |    41 ||   201
       Ozocubu's Armour  |       |     8 |    27 |    62 |    25 ||   122
       Hailstorm         |       |       |     1 |     1 |     1 ||     3
       Scorch            |       |       |       |    37 |    43 ||    80
       Borgnjor's Vile C |       |       |       |    31 |    28 ||    59
       Irradiate         |       |       |       |       |     2 ||     2
Evoke: Wand              |       |       |     3 |    11 |     6 ||    20
       Lightning rod     |       |       |       |     3 |       ||     3
  Use: Potion            |       |       |     2 |     3 |     4 ||     9
       Scroll            |       |       |       |    17 |     3 ||    20
 Stab: Sleeping          |       |     3 |       |       |       ||     3
       Distracted        |       |     2 |       |       |       ||     2
       Invisible         |       |       |       |     2 |       ||     2
Armor: Robe              |    10 |    19 |    44 |    26 |   101 ||   200
       Steam dragon scal |       |       |       |    80 |       ||    80
       Ring mail         |       |       |       |    29 |       ||    29
Dodge: Dodged            |    34 |    42 |   130 |   264 |   221 ||   691

Table legend: (Time is in decaauts)
 A = Elapsed time spent in this place.
 B = Non-inter-level travel time spent in this place.
 C = Inter-level travel time spent in this place.
 D = Time resting spent in this place.
 E = Time spent auto-exploring this place.
 F = Levels seen in this place.
 G = Mean time per level.
                   A        B        C        D        E       F      G
               +--------+--------+--------+--------+--------+-----+--------+
         Total |  25729 |  24951 |    778 |   5900 |  14497 |  17 | 1513.5 |
       Dungeon |  16369 |  15752 |    617 |   4405 |   8719 |  11 | 1488.1 |
          Lair |   9359 |   9199 |    160 |   1495 |   5777 |   6 | 1559.8 |
               +--------+--------+--------+--------+--------+-----+--------+

Top non-repeatable levels by time:
    D:10: 2454 daAuts
  Lair:6: 2087 daAuts
     D:9: 2020 daAuts
  Lair:1: 1778 daAuts
     D:5: 1683 daAuts
     D:1: 1661 daAuts
     D:8: 1610 daAuts
  Lair:4: 1589 daAuts
     D:4: 1562 daAuts
  Lair:2: 1556 daAuts
     D:6: 1502 daAuts
     D:7: 1219 daAuts
  Lair:5: 1197 daAuts
     D:2: 1157 daAuts
  Lair:3: 1150 daAuts
